AoeStats
← toomuchdog

Arena

506787629Analyzed
1v1 RM · 18d ago on Sep 15, 2026· 40m 25s· 2 players
Game mode
Random Map
Map size
Tiny (2 player)
Population
200
Speed
Normal
Resources
Standard
Victory
Conquest
Starting age
Dark Age
Ending age
Imperial Age
RankedLock teamsTeams togetherTeam positionsShared explorationLock speedFull tech treeHidden civsTurbo modeCheats
Victory
Defeat
🇩🇪 Franks · Germany
1294
+18
🇨🇦 Byzantines · Canada
1335
-18
ARTHUR
10:57 Feudal Age
15:17 Castle Age
13:30 Double-Bit Axe
25:58 Bow Saw
26:32 Wheelbarrow
29:55 Imperial Age
28:20 Sanctity
29:56 Forging
30:30 Husbandry
30:34 Scale Mail Armor
31:54 Conscription
31:10 Elite Throwing Axeman
31:16 Elite Throwing Axeman
32:25 Conscription
32:31 Gold Mining
34:06 Iron Casting
33:53 #83
33:10 Cavalier
34:22 Squires
34:09 Arson
34:23 Light Cavalry
35:25 Hand Cart
34:57 Town Watch
35:56 Town Patrol
37:05 Blast Furnace
36:58 Loom
37:34 Chain Mail Armor
toomuchdog
10:47 Feudal Age
12:20 Loom
15:07 Castle Age
13:39 Double-Bit Axe
15:22 Light Cavalry
21:53 Wheelbarrow
27:05 Imperial Age
24:32 Pikeman
25:13 Squires
24:58 Arson
25:09 Stone Mining
27:22 Bow Saw
27:20 Scale Mail Armor
27:10 Capped Ram
27:20 Halberdier
28:22 Chain Mail Armor
28:17 Forging
28:44 Hand Cart
28:11 Horse Collar
30:01 Chemistry
30:35 Plate Mail Armor
33:54 Padded Archer Armor
36:53 Leather Archer Armor
37:30 Ballistics
39:18 Scale Barding Armor
39:48 Iron Casting
39:32 Heavy Camel Rider
Connection lost

Rejoining the realm…

Still unreachable

The connection could not be restored.

Session expired

The server has moved on; the page needs a fresh start.